 Dungeon Crawl Stone Soup version 0.22.1-2-g9c5b331 (webtiles) character file.

42 Anon1729 the Cutter (level 3, 0/27 HPs)
             Began as a Gnoll Wanderer on Nov 14, 2018.
             Succumbed to an adder's poison
             ... on level 4 of the Dungeon.
             The game lasted 00:01:31 (480 turns).

Anon1729 the Cutter (Gnoll Wanderer)                 Turns: 480, Time: 00:01:32

Health: 0/27       AC:  2    Str: 12    XL:     3   Next: 56%
Magic:  4/4        EV: 13    Int: 14    God:
Gold:   37         SH:  0    Dex: 17    Spells: 3/3 levels left

rFire    . . .     SeeInvis .   c - +0 short sword
rCold    . . .     Gourm    .   (no shield)
rNeg     . . .     Faith    .   e - +0 robe
rPois    .         Spirit   .   (no helmet)
rElec    .         Reflect  .   (no cloak)
rCorr    .         Harm     .   (no gloves)
MR       .....                  (no boots)
Stlth    ++........             (no amulet)
HPRegen  0.09/turn              (no ring)
MPRegen  0.09/turn              (no ring)

@: lethally poisoned (0 -> -11)
A: distributed training, fangs 1, frail 1, sense surroundings 1, no potion heal
1, MP-powered wands, strong nose
a: no special abilities


You were on level 4 of the Dungeon.
You were not hungry.

You visited 1 branch of the dungeon, and saw 4 of its levels.

You collected 37 gold pieces.

Inventory:

Hand Weapons
 b - a +2 blowgun
 c - a +0 short sword (weapon)
Missiles
 a - 4 curare-tipped needles
Armour
 e - a +0 robe (worn)
Scrolls
 d - 2 scrolls of teleportation
Comestibles
 f - a ration
 g - 2 chunks of flesh


   Skills:
 + Level 4.5 Fighting
 + Level 4.5 Short Blades
 + Level 0.8 Long Blades
 + Level 0.8 Axes
 + Level 0.8 Maces & Flails
 + Level 0.8 Polearms
 + Level 0.8 Staves
 + Level 0.8 Slings
 + Level 0.8 Bows
 + Level 2.6 Crossbows
 + Level 2.6 Throwing
 + Level 2.6 Armour
 + Level 2.6 Dodging
 + Level 2.4 Stealth
 + Level 2.6 Shields
 + Level 0.8 Unarmed Combat
 + Level 0.8 Spellcasting
 + Level 0.5 Conjurations
 + Level 0.5 Hexes
 + Level 0.5 Charms
 + Level 0.5 Summonings
 + Level 0.5 Necromancy
 + Level 0.5 Translocations
 + Level 0.5 Transmutations
 + Level 0.5 Fire Magic
 + Level 0.5 Ice Magic
 + Level 0.5 Air Magic
 + Level 0.5 Earth Magic
 + Level 0.5 Poison Magic
 + Level 1.0 Invocations
 + Level 0.8 Evocations


You had 3 spell levels left.
You didn't know any spells.
Your spell library was empty.

Dungeon Overview and Level Annotations

Branches:
Dungeon (4/15)
 Temple: D:4-7

Altars:


Innate Abilities, Weirdness & Mutations

Your experience applies equally to all skills.
You have very sharp teeth.
Your uncanny sense of smell can sniff out nearby items.
You are frail. (-10% HP)
You passively map a small area around you.
Potions are less effective at restoring your health.
You expend magic power (3 MP) to strengthen your wands.


Message History

* * * LOW HITPOINT WARNING * * *
You are more poisoned.
The adder poisons you!
It was a potion of mutation.
You feel extremely strange.
Your system partially rejects the healing effects of potions.
You feel more energetic.
You feel your magical essence link to your wands.
* * * LOW HITPOINT WARNING * * *
You feel sick. The adder barely misses you.
Some of the chunks of flesh in your inventory have rotted away.
Sorry, you're not good enough to have a special ability.
You aren't carrying any items that you can evoke.
You feel extremely strange.
You feel less energetic.
You feel frail.
You feel a strange attunement to the structure of the dungeons.
The adder misses you.
You hit the adder.
You kill the adder!
Your Invocations skill increases to level 1!
You die...

* ## . , * , ...
, .#.# , ...# , *
.#. ## , ,
.....,*, .> (.,
.#... , .#.##.#
......####......#
,......#..<..# *
,......†.....# ∆
* *,#...h.@###.#
∆ *, ,
............... *
.#......##.....∆,
#......# ..##..
#......# ,.#* .
......?..∆ ..
##......# #
########* * * ,


You could see a hound.

Vanquished Creatures
  An adder (D:4)
  An ooze (D:2)
  A dart slug (D:1)
  A leopard gecko (D:2)
  An orc (D:3)
  3 bats
  A giant cockroach (D:2)
  4 goblins
  2 hobgoblins (D:1)
  3 kobolds (D:2)
  A quokka (D:2)
  A frilled lizard (D:2)
  4 rats
24 creatures vanquished.

Notes
Turn   | Place    | Note
-------+----------+-------------------------------------------
     0 | D:1      | Anon1729 the Gnoll Wanderer began the quest for the Orb.
     0 | D:1      | Anon1729 set off with: 4 curare-tipped needles, a +2
                  | blowgun, a +0 short sword, a scroll of teleportation, a +0
                  | robe, a ration
     0 | D:1      | Reached XP level 1. HP: 20/20 MP: 1/1
    45 | D:1      | Reached XP level 2. HP: 18/26 MP: 2/2
   266 | D:2      | Reached XP level 3. HP: 20/31 MP: 3/3
   478 | D:4      | Gained mutation: Potions are less effective at restoring
                  | your health. [potion of mutation]
   478 | D:4      | Gained mutation: You have an increased reservoir of magic.
                  | (+10% MP) [potion of mutation]
   478 | D:4      | Gained mutation: You expend magic power (3 MP) to
                  | strengthen your wands. [potion of mutation]
   478 | D:4      | HP: 1/31 [poisoned by an adder]
   479 | D:4      | Lost mutation: You have an increased reservoir of magic.
                  | (+10% MP) [potion of mutation]
   479 | D:4      | Gained mutation: You are frail. (-10% HP) [potion of
                  | mutation]
   479 | D:4      | Gained mutation: You passively map a small area around you.
                  | [potion of mutation]
   480 | D:4      | Reached skill level 1 in Invocations
   480 | D:4      | Succumbed to an adder's poison

Skill      XL: |  1  2  3 |
---------------+----------+-----
Invocations    | 1 |  1.0
Fighting       | |  4.5
Short Blades   | |  4.5
Long Blades    | |  0.8
Axes           | |  0.8
Maces & Flails | |  0.8
Polearms       | |  0.8
Staves         | |  0.8
Slings         | |  0.8
Bows           | |  0.8
Crossbows      | |  2.6
Throwing       | |  2.6
Armour         | |  2.6
Dodging        | |  2.6
Stealth        | |  2.4
Shields        | |  2.6
Unarmed Combat | |  0.8
Spellcasting   | |  0.8
Conjurations   | |  0.5
Hexes          | |  0.5
Charms         | |  0.5
Summonings     | |  0.5
Necromancy     | |  0.5
Translocations | |  0.5
Transmutations | |  0.5
Fire Magic     | |  0.5
Ice Magic      | |  0.5
Air Magic      | |  0.5
Earth Magic    | |  0.5
Poison Magic   | |  0.5
Evocations     | |  0.8

Action                   || total
-------------------------++-------
Melee: Short sword       ||    80
       Bite              ||     7
 Fire: Blowgun           ||     1
  Use: Potion            ||     2
 Stab: Sleeping          ||     4
Armor: Robe              ||     8
Dodge: Dodged            ||    72
